 Dungeon Crawl Stone Soup version 0.31.0-12-g77e489cdc1 (webtiles) character file.

Game seed: 17445945396038022802

4876 Gadfly the Insei (level 10, -3/76 HPs)
             Began as a Demonspawn Monk on Feb 13, 2024.
             Was an Initiate of Ru.
             Slain by Erica
             ... wielding a +2 scimitar of flaming
              (11 damage)
             ... on level 8 of the Dungeon.
             The game lasted 00:14:15 (9063 turns).

Gadfly the Insei (Demonspawn Monk)                  Turns: 9063, Time: 00:14:20

Health: -3/76      AC: 10    Str: 19    XL:     10   Next: 26%
Magic:  10/10      EV: 16    Int: 10    God:    Ru [......]
Gold:   544        SH:  0    Dex: 16    Spells: 8/9 levels left

rFire   . .          .
                       - Unarmed
rCold   . . .        (no shield)
rNeg    . . .        t - +2 leather armour {rPois}
rPois   +            p - +1 helmet
rElec   .            (no cloak)
rCorr   .            (no gloves)
SInv    +            (boots unavailable)
Will    .....        (no amulet) Stlth
                     m - ring of see invisible
HPRegen 0.32/turn    f - ring of Optimism {EV+5 Str+3}
MPRegen 0.12/turn

%: no passive effects
@: constricted
A: hooves 3, icy blue scales 2, demonic guardian 1, no stealth, condensation
shield
a: Renounce Religion


You were on level 8 of the Dungeon.
You worshipped Ru.
Ru was noncommittal.
You visited 2 branches of the dungeon, and saw 9 of its levels.
You also visited: Ossuary.

You collected 544 gold pieces.

Inventory:

Hand Weapons
 b - the +5 dagger of the Snake Pit {drain, Str+3 Int+2}
   (You found it on level 7 of the Dungeon)

   Str+3:     It affects your strength (+3).
   Int+2:     It affects your intelligence (+2).
 E - a +4 short sword of flaming
 F - a +2 long sword
Armour
 c - an orb of light
 o - a +2 animal skin
 p - a +1 helmet (worn)
 t - a +2 leather armour of poison resistance (worn)
Jewellery
 e - a ring of poison resistance
 f - the ring of Optimism (right hand) {EV+5 Str+3}
   (You acquired it on level 1 of the Dungeon)

   [ring of evasion]

   EV+5:      It affects your evasion (+5).
   Str+3:     It affects your strength (+3).
 g - a ring of protection from cold
 i - a +6 ring of strength
 m - a ring of see invisible (left hand)
Talismans
 q - a blade talisman
Wands
 n - a wand of digging (7)
 r - a wand of acid (11) (quivered)
 z - a wand of charming (11)
Scrolls
 a - a scroll of blinking
 s - a scroll of enchant weapon
 u - a scroll of identify
 v - a scroll of enchant armour
 x - 4 scrolls of teleportation
 y - 2 scrolls of fear
 C - a scroll of brand weapon
 G - a scroll of revelation
Potions
 d - 2 potions of haste
 h - 2 potions of might
 j - a potion of lignification
 k - 4 potions of enlightenment
 l - 4 potions of curing
 w - 2 potions of ambrosia
 A - 2 potions of heal wounds
 B - a potion of resistance
 D - a potion of cancellation


   Skills:
 + Level 6.2 Fighting
 + Level 6.2 Dodging
 * Level 7.1 Unarmed Combat
 + Level 6.2 Evocations
 * Level 6.9 Shapeshifting


You had 8 spell levels left.
You knew the following spells:

 Your Spells              Type           Power      Damage    Failure   Level
a - Apportation           Tloc           0%         N/A       41%         1

Your spell library contained the following spells:

 Spells                   Type           Power      Damage    Failure   Level
 Necrotise                Necr           0%         1d4       41%         1
 Sting                    Conj/Alch      0%         1d3       41%         1
 Summon Small Mammal      Summ           0%         N/A       41%         1
 Jinxbite                 Hex            0%         N/A       56%         2
 Call Canine Familiar     Summ           0%         N/A       80%         3
 Sigil of Binding         Hex            0%         N/A       80%         3
 Dimensional Bullseye     Hex/Tloc       0%         N/A       99%         4
 Alistair's Intoxication  Alch           0%         N/A       100%        5


Dungeon Overview and Level Annotations

Branches:
Dungeon (8/15)             Temple (1/1) D:5            Lair (0/5) D:8
Ossuary (visited)

Altars:
Ashenzari
Cheibriados
Dithmenos
Fedhas
Hepliaklqana
Kikubaaqudgha
Makhleb
Nemelex Xobeh
Okawaru
Qazlal
Ru
Sif Muna
Trog
Uskayaw
Vehumet
Wu Jian
Xom
Yredelemnul

Shops:
D:3 ?   D:7 :

Annotations:
D:6 3 runed translucent doors, Gadfly's ghost, novice DsMo
D:8 Erica


Innate Abilities, Weirdness & Mutations

You have hooves in place of feet.
You are mostly covered in icy blue scales. (AC +3)
A weak demonic guardian rushes to your aid.
You cannot be stealthy.
A meltable shield of frost defends you. (SH +0)


Message History

Erica misses you. Erica constricts you.
You closely miss Erica. Your kick misses Erica.
Erica is almost dead.
Erica hits you with a +2 scimitar of flaming.
Erica burns you. Erica constricts you.
You are too injured to fight recklessly!
You are too injured to fight recklessly!
You are too injured to fight recklessly!
You are too injured to fight recklessly!
You are too injured to fight recklessly!
You are too injured to fight recklessly!
You are too injured to fight recklessly!
You are too injured to fight recklessly!
You are too injured to fight recklessly!
You are too injured to fight recklessly!
You are too injured to fight recklessly!
You are too injured to fight recklessly!
You are too injured to fight recklessly!
You are too injured to fight recklessly!
You are too injured to fight recklessly!
Unknown command.
You punch Erica!
Erica is almost dead.
Erica hits you with a +2 scimitar of flaming!!
* * * LOW HITPOINT WARNING * * *
A demonic guardian appears!
Erica burns you.
* * * LOW HITPOINT WARNING * * *
Erica constricts you.
Erica's grasp on you weakens, but your attempt to escape fails.
Erica barely misses you. Erica constricts you.
* * * LOW HITPOINT WARNING * * *
Unknown command.
Okay, then.
Blink to where?
Press: ? - help, Dir - move target, p - Erica Erica's grasp on you weakens, but your attempt to escape fails.
As you read the scroll of blinking, it crumbles to dust.
Erica hits you with a +2 scimitar of flaming!
You die...
Erica begins burbling mirthfully and uncontrollably.

#..................##+#########
#..................# #####..
#.............##...# #......
#.............##...##...#......
#.............#....#....#......
#..##.........#....#....#......
.##..##...÷..........##..##>.##..
........[[...P......##..##..##.)
.##..##........x@4...##.........)
.##..##...P...†.....###..........
.........P...........)...........
........P.P.##'#.P...).....[.....
.......P)P..#!.#...........[.....
.##..#......#>.#.....##..........
##..##..P..####...P.#.......####
#....#.P............#)..##..#
#....#....P........##########


You could see Erica (invisible, corroded) and a friendly orange demon
(summoned).

Vanquished Creatures
  2 elephants (D:8)
  A hornet (D:7)
  Prince Ribbit (D:6)
  Sigmund (D:3)
  6 yaks
  A water moccasin (D:5)
  4 black bears
  2 ice beasts (D:6)
  An ogre (D:6)
  A centaur (D:8)
  A phantom (D:4)
  A kobold brigand (D:6)
  An elf zombie (Ossuary)
  Blork the orc (D:4)
  A weeping skull (Ossuary)
  3 bullfrogs (D:7)
  A scorpion (D:4)
  4 wights (D:8)
  3 burial acolytes
  2 bombardier beetles
  A centaur zombie (Ossuary)
  A quasit (D:5)
  2 jellies
  A hound (D:6)
  A human zombie (Ossuary)
  3 gnoll boudas
  3 orc priests
  Jessica (D:2)
  Ijyb (D:3)
  An iguana (D:6)
  Natasha (D:2)
  5 hound zombies (Ossuary)
  2 mummies (Ossuary)
  Robin (D:2)
  8 adders
  18 gnolls
  A shadow imp (D:7)
  3 white imps (D:5)
  An adder zombie (D:7)
  3 dart slugs
  2 ribbon worms
  12 orcs
  4 bats
  8 endoplasms
  3 giant cockroaches (D:3)
  2 gnoll zombies (Ossuary)
  16 goblins
  7 hobgoblins
  A jackal (D:1)
  11 kobolds
  A quokka (D:2)
  8 ball pythons
  3 frilled lizards
  3 goblin skeletons (D:5)
  3 hobgoblin zombies (D:5)
  2 jackal zombies (D:7)
  A kobold skeleton (D:5)
  A kobold zombie (D:5)
  3 orc skeletons (D:5)
  4 orc zombies (Ossuary)
  8 rats
199 creatures vanquished.

Notes
Turn   | Place    | Note
-------+----------+-------------------------------------------
     0 | D:1      | Gadfly the Demonspawn Monk began the quest for the Orb.
     0 | D:1      | Reached XP level 1. HP: 18/18 MP: 1/1
   131 | D:1      | Gained mutation: You have large cloven feet. [demonic
                  | ancestry]
   131 | D:1      | Reached XP level 2. HP: 7/24 MP: 2/2
   332 | D:1      | Reached skill level 3 in Unarmed Combat
   399 | D:1      | Reached skill level 1 in Evocations
   952 | D:1      | Identified a scroll of acquirement
   952 | D:1      | Acquired the ring of Optimism {EV+5 Str+3}
  1008 | D:2      | Reached skill level 1 in Shapeshifting
  1013 | D:2      | Gained mutation: A meltable shield of frost defends you.
                  | (SH +0) [demonic ancestry]
  1013 | D:2      | Reached XP level 3. HP: 29/29 MP: 3/3
  1105 | D:2      | Noticed Robin
  1142 | D:2      | Killed Robin
  1244 | D:2      | Noticed Jessica
  1251 | D:2      | Killed Jessica
  1252 | D:2      | Gained mutation: You are partially covered in icy blue
                  | scales. (AC +2) [demonic ancestry]
  1252 | D:2      | Reached XP level 4. HP: 35/35 MP: 4/4
  1488 | D:2      | Noticed Natasha
  1500 | D:2      | Killed Natasha
  1667 | D:2      | Found a radiant altar of Vehumet.
  1963 | D:3      | Gained mutation: You have hoof-like feet. [demonic
                  | ancestry]
  1963 | D:3      | Reached XP level 5. HP: 36/41 MP: 5/5
  1992 | D:3      | Noticed Sigmund
  2000 | D:3      | Killed Sigmund
  2001 | D:3      | Reached skill level 4 in Unarmed Combat
  2001 | D:3      | Gained mutation: You have hooves in place of feet. [demonic
                  | ancestry]
  2001 | D:3      | Reached XP level 6. HP: 38/47 MP: 6/6
  2075 | D:3      | Noticed Ijyb
  2101 | D:3      | Killed Ijyb
  2220 | D:3      | Found Ociadet's Magic Scroll Shoppe.
  2454 | D:3      | Found a burning altar of Makhleb.
  2958 | D:3      | Found a faded altar of an unknown god.
  3047 | D:4      | Reached XP level 7. HP: 45/52 MP: 7/7
  3090 | D:4      | Noticed Blork the orc
  3102 | D:4      | Killed Blork the orc
  3754 | D:4      | Found a shadowy altar of Dithmenos.
  4073 | D:5      | Entered Level 5 of the Dungeon
  4350 | D:5      | Found a sand-covered staircase.
  4359 | Ossuary  | Entered an ossuary
  4416 | Ossuary  | Found an ancient bone altar of Kikubaaqudgha.
  4711 | Ossuary  | Reached XP level 8. HP: 50/60 MP: 8/8
  5195 | D:5      | Reached skill level 5 in Unarmed Combat
  5579 | D:5      | Found a staircase to the Ecumenical Temple.
  5718 | Temple   | Entered the Ecumenical Temple
  5788 | Temple   | Became a worshipper of Ru the Awakened
  5795 | Temple   | Gained mutation: You cannot be stealthy. [Ru sacrifice]
  6083 | D:6      | Noticed Prince Ribbit
  6096 | D:6      | Killed Prince Ribbit
  6097 | D:6      | Reached skill level 5 in Shapeshifting
  6387 | D:6      | Reached skill level 5 in Dodging
  6406 | D:6      | Found a runed translucent gate.
  6406 | D:6      | Found a runed translucent gate.
  6408 | D:6      | Found a runed translucent gate.
  6409 | D:6      | Noticed Gadfly's ghost (novice DsMo)
  6409 | D:6      | Noticed a spectral unseen horror
  6909 | D:6      | Reached skill level 5 in Fighting
  6909 | D:6      | Reached skill level 5 in Evocations
  6909 | D:6      | Gained mutation: You are mostly covered in icy blue scales.
                  | (AC +3) [demonic ancestry]
  6909 | D:6      | Reached XP level 9. HP: 68/68 MP: 9/9
  6911 | D:6      | Learned a level 1 spell: Apportation
  7146 | D:7      | Found an ancient bone altar of Kikubaaqudgha.
  7498 | D:6      | Reached skill level 6 in Unarmed Combat
  7922 | D:7      | Found Nawni Iselo's Book Shoppe.
  8225 | D:7      | Identified the +5 dagger of the Snake Pit {drain, Str+3
                  | Int+2}
  8628 | D:8      | Gained mutation: A weak demonic guardian rushes to your
                  | aid. [demonic ancestry]
  8628 | D:8      | Reached XP level 10. HP: 74/76 MP: 10/10
  8698 | D:8      | Noticed an elephant
  8717 | D:8      | Killed an elephant
  8719 | D:8      | Noticed Erica
  8778 | D:7      | Reached skill level 7 in Unarmed Combat
  9017 | D:8      | Found a staircase to the Lair.
  9017 | D:8      | Noticed an elephant
  9032 | D:8      | Killed an elephant
  9063 | D:8      | Slain by Erica

Illustrated notes

Levels and vault maps discovered:
D:1:      dpeg_arrival_brainrot, layout_basic
D:2:      cheibrodos_old_hovel, layout_loops_ring, basic_altar, nrook_uturn,
          uniq_jessica, uniq_natasha, uniq_robin
D:3:      layout_basic, bloody_makhleb, serial_shops, shop,
          shapermc_ecumenical_altar_mp_urbaneastern, chequers_mini_garden,
          minmay_distorted, uniq_sigmund, uniq_ijyb
D:4:      layout_cave_pods, nicolae_dithmenos_through_a_glass_darkly,
          uniq_blork_the_orc
D:5:      layout_basic, nicolae_tso_besieged_by_evil, temple_green,
          mainiacjoe_ossuary_entry_dusty_tomb
D:6:      layout_gridville, gammafunk_ghost_necromancy, uniq_prince_ribbit1
D:7:      layout_cave_pools, lemuel_zombie_altar_kikubaaqudgha, serial_shops,
          nicolae_shop_tiny_waterfront, grunt_decor_cap
D:8:      layout_gridville, grunt_lair_entry_orc_guard_hut,
          minmay_misc_feat_iff, uniq_erica
Temple:   minmay_temple_bridge_d

Skill      XL: |  1  2  3  4  5  6  7  8  9 10 |
---------------+-------------------------------+-----
Unarmed Combat | 3 4 5 6 7 |  7.1
Evocations     | 1 2 3 4 5 6 |  6.2
Shapeshifting  | 1 2 3 4 5 6 |  6.9
Dodging        | 3 4 5 6 |  6.2
Fighting       | 4 5 6 |  6.2

Action                     |  1- 3 |  4- 6 |  7- 9 | 10-12 || total
---------------------------+-------+-------+-------+-------++-------
  Melee: Unarmed           |    87 |   139 |   441 |    74 ||   741
         Kick              |    19 |    54 |   194 |    32 ||   299
         Dagger            |       |       |    21 |       ||    21
         Spear             |       |       |    14 |       ||    14
         Punch             |       |       |    11 |     3 ||    14
 Invoke: Sacrifice Stealth |       |       |     1 |       ||     1
         Reject Sacrifices |       |       |     1 |       ||     1
  Evoke: Wand              |       |       |       |     2 ||     2
    Use: Scroll            |     1 |     7 |    14 |     1 ||    23
         Potion            |       |     2 |     2 |     1 ||     5
 Armour: Robe              |    32 |       |       |       ||    32
         Animal skin       |       |    25 |       |       ||    25
         Leather armour    |       |    22 |   216 |    46 ||   284
  Dodge: Dodged            |    57 |   101 |   392 |    75 ||   625
  Block: Other             |       |       |    46 |    10 ||    56
